 Dungeon Crawl Stone Soup version 0.28.0 (webtiles) character file.

Game seed: 9272164091432289136

1 croobank the Caller (level 1, 0/9 HPs)
             Began as a Vine Stalker Summoner on Feb 5, 2022.
             Slain by a jackal (2 damage)
             ... on level 1 of the Dungeon.
             The game lasted 00:00:46 (37 turns).

croobank the Caller (Vine Stalker Summoner)           Turns: 37, Time: 00:00:46

Health: 0/9        AC:  2    Str: 10    XL:     1   Next: 20%
Magic:  0/4        EV: 12    Int: 15    God:
Gold:   0          SH:  0    Dex: 14    Spells: 3/4 levels left

rFire   . . .      SeeInvis .   (no weapon)
rCold   . . .      Faith    .   (no shield)
rNeg    . . .      Spirit   +   a - +0 robe
rPois   .          Reflect  .   (no helmet)
rElec   .          Harm     .   (no cloak)
rCorr   .          Rampage  .   (no gloves)
Will    .....                   (no boots)
Stlth   ++........              (no amulet)
HPRegen 0.03/turn               (no ring)
MPRegen 0.09/turn               (no ring)

@: no status effects
A: fangs 2, magic shield, antimagic bite, no potion heal 2
a: no special abilities


You were on level 1 of the Dungeon.
You visited 1 branch of the dungeon, and saw 1 of its levels.

Inventory:

Armour
 a - a +0 robe (worn)


   Skills:
 + Level 1.5 Dodging
 + Level 2.4 Stealth
 + Level 2.2 Spellcasting
 + Level 4.0 Summonings


You had 3 spell levels left.
You knew the following spells:

 Your Spells              Type           Power      Damage    Failure   Level
a - Summon Small Mammal   Summ           52%        N/A       4%          1

Your spell library contained the following spells:

 Spells                   Type           Power      Damage    Failure   Level
 Call Imp                 Summ           13%        N/A       6%          2
 Call Canine Familiar     Summ           13%        N/A       12%         3
 Summon Guardian Golem    Hex/Summ       7%         N/A       28%         3
 Summon Lightning Spire   Summ/Air       7%         N/A       67%         4


Dungeon Overview and Level Annotations

Branches:
Dungeon (1/15)

Altars:


Innate Abilities, Weirdness & Mutations

You have extremely sharp teeth.
When hurt, damage is shared between your health and your magic reserves.
Your bite disrupts and absorbs the magic of your enemies.
Potions cannot restore your health.


Message History

The jackal closely misses you.
Your quokka bites the jackal.
Your rat bites the jackal but does no damage.
You barely miss the jackal. Something barely misses your quokka.
A jackal comes into view.
The jackal bites you.
Your quokka bites the jackal.
The jackal dies!
Your rat misses the jackal. You closely miss the jackal. The jackal bites you.
Something misses your quokka.
Your rat barely misses the jackal.
The jackal barely misses you. The jackal closely misses you.
The jackal misses you. The jackal bites you.
* * * LOW HITPOINT WARNING * * *
Casting: Summon Small Mammal (safe; 4% risk of failure)
Confirm with . or Enter, or press ? or * to list all spells.
Your rat disappears in a puff of smoke!
The jackal closely misses you.
You swap places.
The jackal bites your rat but does no damage.
The jackal bites your rat.
Your rat barely misses the jackal.
The jackal barely misses your quokka. The jackal bites your rat.
Your rat closely misses the jackal.
Your quokka closely misses the jackal.
You barely miss the jackal. Your bite misses the jackal.
The jackal closely misses you.
Your quokka misses the jackal. The jackal bites you.
* * * LOW HITPOINT WARNING * * *
You aren't carrying any potions.
You barely miss the jackal. Your bite misses the jackal.
Your quokka misses the jackal.
The hobgoblin barely misses your quokka.
The jackal misses you.
Your quokka closely misses the hobgoblin.
The jackal closely misses you. The jackal barely misses you.
Casting: Summon Small Mammal (safe; 4% risk of failure)
Confirm with . or Enter, or press ? or * to list all spells.
The jackal bites you.
You die...

.. #. . #. #.#.#
# #.... .# #..#.
#.# #..b.######
..# #.....##..#
...#
#....@##..##...#
#...##hh##.g#
#...##..##..###
#.....##g.##..#
###...##<.##.....
#.##..##..##....
#. #..##..# #.#.
#...##..##.. ...
#...##g.##..# #.


You could see 2 jackals, a hobgoblin and a friendly bat (summoned).

Vanquished Creatures (collateral kills)
  A jackal (D:1)
1 creature vanquished.

Notes
Turn   | Place    | Note
-------+----------+-------------------------------------------
     0 | D:1      | croobank the Vine Stalker Summoner began the quest for the
                  | Orb.
     0 | D:1      | Reached XP level 1. HP: 9/9 MP: 4/4
    37 | D:1      | Slain by a jackal

Illustrated notes

Levels and vault maps discovered:
D:1:      lightli_iron_boxes, layout_basic

Action                   || total
-------------------------++-------
Melee: Unarmed           ||     4
 Cast: Summon Small Mamm ||     5
Dodge: Dodged            ||     9
